 Dungeon Crawl Stone Soup version 0.31-a0-1-g4198be8af4 (webtiles) character file.

Game seed: 10651016782917799215

455 NateTC the Digger (level 6, -4/32 HPs)
             Began as a Deep Elf Earth Elementalist on Apr 30, 2023.
             Killed from afar by a white imp (10 damage)
             ... with a puff of frost
             ... on level 4 of the Dungeon.
             The game lasted 00:13:17 (3104 turns).

NateTC the Digger (Deep Elf Earth Elementalist)     Turns: 3104, Time: 00:13:17

Health: -4/32      AC:  5    Str:  5    XL:     6   Next: 76%
Magic:  12/12      EV: 12    Int: 22    God:
Gold:   176        SH:  0    Dex: 15    Spells: 7/11 levels left

rFire   . . .        h - +7 Throatcutter {drain, coup de grace}
rCold   . . .        (no shield)
rNeg    + . .        e - +2 robe {rN+}
rPois   .            p - +0 helmet
rElec   .            (no cloak)
rCorr   .            (no gloves)
SInv    .            (no boots)
Will    .....        m - amulet of magic regeneration
Stlth   ++           l - ring of wizardry
HPRegen 0.25/turn    (no ring)
MPRegen 0.53/turn

%: wizardry (x1)
@: no status effects
A: no striking features
a: no special abilities


You were on level 4 of the Dungeon.
You visited 1 branch of the dungeon, and saw 5 of its levels.

You collected 176 gold pieces.

Inventory:

Hand Weapons
 h - the +7 Throatcutter (weapon) {drain, coup de grace}
   (You found it on level 2 of the Dungeon)
Armour
 d - a +0 kite shield
 e - a +2 robe of positive energy (worn)
 p - a +0 helmet (worn)
Jewellery
 l - a ring of wizardry (left hand)
 m - an amulet of magic regeneration (around neck)
Wands
 o - a wand of mindburst (16)
Scrolls
 c - a scroll of amnesia
 g - 2 scrolls of teleportation
 j - a scroll of fog
Potions
 a - 3 potions of might
 b - a potion of magic
 f - 2 potions of flight
 i - 2 potions of berserk rage {unknown}
 k - a potion of brilliance
 n - a potion of curing


   Skills:
 - Level 2.4 Dodging
 - Level 2.4 Stealth
 + Level 2.6 Shields
 - Level 3.0 Spellcasting
 + Level 4.9 Conjurations
 + Level 1.2 Transmutations
 * Level 5.4 Earth Magic


You had 7 spell levels left.
You knew the following spells:

 Your Spells              Type           Power      Damage    Failure   Level
a - Sandblast             Erth           54%        2d13      1%          1
b - Stone Arrow           Conj/Erth      52%        3d10      1%          3

Your spell library contained the following spells:

 Spells                   Type           Power      Damage    Failure   Level
 Passwall                 Tmut/Erth      15%        N/A       1%          2
 Summon Small Mammal      Summ           12%        N/A       4%          1
 Petrify                  Tmut/Erth      18%        N/A       12%         4
 Call Canine Familiar     Summ           3%         N/A       16%         3
 Frozen Ramparts          Ice            6%         1d1       16%         3
 Summon Guardian Golem    Hex/Summ       3%         N/A       16%         3
 Ice Form                 Ice/Tmut       6%         N/A       34%         4
 Summon Ice Beast         Ice/Summ       3%         N/A       43%         4
 Metabolic Englaciation   Hex/Ice        1%         N/A       77%         5
 Statue Form              Tmut/Erth      12%        N/A       86%         6


Dungeon Overview and Level Annotations

Branches:
Dungeon (5/15) Zot: 26844
 Temple: D:4-7

Altars:

Annotations:
D:2 Natasha


Message History

You kill the hound!
A white imp and 2 gnolls come into view.
The white imp shouts, "Fly, thou prissy moon-mazed zombie-fodder!"
The gnoll shouts!
A gnoll comes into view. It is wielding a +0 spear. x2
The gnoll shouts!
You hit the white imp.
The white imp is heavily wounded.
The white imp hits you but does no damage.
The white imp attacks as you move away! The white imp closely misses you.
The white imp attacks as you move away!
The white imp hits you but does no damage.
The white imp gestures at you. The puff of frost hits you.
The gnoll completely misses you.
The white imp summons a swarm of flies.
The gnoll shouts!
There is a stone staircase leading up here.
You can't go down here!
The gnoll hits you but does no damage. The white imp gestures at you.
The puff of frost hits you!
There is a stone staircase leading up here.
The gnoll hits you with a +0 spear. The gnoll closely misses you.
The white imp gestures at you. The puff of frost hits you.
You climb upwards.
There is a stone staircase leading down here.
The white imp attacks as you move away! The white imp closely misses you.
The gnoll attacks as you move away! The gnoll hits you with a +0 spear.
* * * LOW HITPOINT WARNING * * *
The gnoll hits you from afar with a +0 spear.
* * * LOW HITPOINT WARNING * * *
The gnoll misses you. The white imp attacks as you move away!
The white imp hits you but does no damage.
The white imp attacks as you move away! The white imp misses you.
The white imp gestures at you. The puff of frost hits you!
You die...

.# .# .# ########## ###### .##
#...(....# #....# ..## #........#
#....# ...## #........# ##....#
.#..# #........# #.....# .##.#
#####.###### ##.##### .##.######
#...@.....# ##..# #
.##.....(####.........###..#### #
.....###...##.5........#......###
.#.........##gg..................
............>...................#
................................#
................................#
.#.....<.........................
...#..........##.................


You could see 2 gnolls and a white imp.

Vanquished Creatures
  A scorpion (D:3)
  A hound (D:5)
  A jelly (D:3)
  Jessica (D:2)
  Natasha (twice) (D:2)
  An iguana (D:3)
  An orc wizard (D:3)
  12 adders
  An ufetubus (D:4)
  A worm (D:3)
  5 dart slugs
  6 orcs
  9 endoplasms
  3 giant cockroaches
  4 hobgoblins
  7 kobolds
  3 quokkas
  9 ball pythons
  7 bats
  5 frilled lizards
  5 goblins
  5 rats
90 creatures vanquished.

Notes
Turn   | Place    | Note
-------+----------+-------------------------------------------
     0 | D:1      | NateTC the Deep Elf Earth Elementalist began the quest for
                  | the Orb.
     0 | D:1      | Reached XP level 1. HP: 10/10 MP: 6/6
   244 | D:1      | Reached skill level 1 in Conjurations
   275 | D:1      | Reached XP level 2. HP: 15/15 MP: 6/8
   713 | D:2      | Reached skill level 4 in Earth Magic
   713 | D:2      | Reached XP level 3. HP: 19/19 MP: 6/9
   809 | D:2      | Learned a level 3 spell: Stone Arrow
   837 | D:2      | Noticed Natasha
   845 | D:2      | Killed Natasha
   846 | D:2      | Reached skill level 1 in Shields
   846 | D:2      | Reached XP level 4. HP: 14/24 MP: 3/10
   978 | D:2      | Noticed Natasha
  1029 | D:2      | Killed Natasha
  1111 | D:2      | Noticed Jessica
  1114 | D:2      | Killed Jessica
  1115 | D:2      | Reached XP level 5. HP: 28/28 MP: 8/11
  1181 | D:2      | Found a faded altar of an unknown god.
  1204 | D:2      | Found the +7 Throatcutter {drain, coup de grace}
  1252 | D:2      | Noticed Natasha
  1714 | D:3      | HP: 1/28 [poisoned by a scorpion]
  1727 | D:3      | Reached skill level 5 in Earth Magic
  1728 | D:3      | Reached XP level 6. HP: 14/32 MP: 3/12
  3073 | D:5      | Entered Level 5 of the Dungeon
  3104 | D:4      | Killed from afar by a white imp

Illustrated notes

Levels and vault maps discovered:
D:1:      scummos_arrival_forest, layout_loops_ring
D:2:      minmay_diamond_boxcup, layout_rooms,
          dilly_ecumenical_altar_fadedgnrine, minmay_cut_off, uniq_natasha,
          uniq_jessica
D:3:      layout_loops_ring, supply_closet_lemuel
D:4:      layout_rooms
D:5:      layout_rooms, uniq_blork_the_orc

Skill      XL: |  1  2  3  4  5 |
---------------+----------------+-----
Conjurations   | 1 2 3 4 |  4.9
Earth Magic    | 4 5 |  5.4
Shields        | 1 2 |  2.6
Dodging        | |  2.4
Stealth        | |  2.4
Spellcasting   | |  3.0
Transmutations | |  1.2

Action                     |  1- 3 |  4- 6 || total
---------------------------+-------+-------++-------
  Melee: Unarmed           |       |     1 ||     1
         Long sword        |       |    20 ||    20
   Cast: Sandblast         |    42 |    70 ||   112
         Stone Arrow       |       |     4 ||     4
    Use: Scroll            |     3 |     5 ||     8
         Potion            |       |     4 ||     4
   Stab: Sleeping          |       |     8 ||     8
 Armour: Robe              |     5 |    10 ||    15
  Dodge: Dodged            |    16 |    42 ||    58

Table legend: (Time is in decaauts)
 A = Elapsed time spent in this place.
 B = Non-inter-level travel time spent in this place.
 C = Inter-level travel time spent in this place.
 D = Time resting spent in this place.
 E = Time spent auto-exploring this place.
 F = Levels seen in this place.
 G = Mean time per level.
                   A        B        C        D        E       F      G
               +--------+--------+--------+--------+--------+-----+--------+
         Total |   3154 |   2958 |    196 |    622 |   1183 |   5 |  630.8 |
       Dungeon |   3154 |   2958 |    196 |    622 |   1183 |   5 |  630.8 |
               +--------+--------+--------+--------+--------+-----+--------+

Top non-repeatable levels by time:
     D:3: 962 daAuts
     D:2: 824 daAuts
     D:1: 812 daAuts
     D:4: 525 daAuts
     D:5: 29 daAuts
